 Dungeon Crawl Stone Soup version 0.25-a0-55-g0753fd1ad2 (webtiles) character file.

Game seed: 11627938197300913342, levelgen mode: deterministic

35 Arixos the Sneak (level 3, 0/30 HPs)
             Began as a Naga Enchanter on Oct 25, 2019.
             Killed from afar by Sigmund (4 damage)
             ... with a puff of flame
             ... on level 2 of the Dungeon.
             The game lasted 00:07:50 (1225 turns).

Arixos the Sneak (Naga Enchanter)                   Turns: 1225, Time: 00:07:50

Health: 0/30       AC:  9    Str: 10    XL:     3   Next: 33%
Magic:  1/6        EV: 10    Int: 15    God:
Gold:   113        SH:  0    Dex: 13    Spells: 1/6 levels left

rFire    . . .     SeeInvis +   g - +1 short sword (protect)
rCold    . . .     Gourm    .   (no shield)
rNeg     . . .     Faith    .   b - +0 robe
rPois    +         Spirit   .   (no helmet)
rElec    .         Reflect  .   (no cloak)
rCorr    .         Harm     .   (no gloves)
MR       .....                  (no barding)
Stlth    +++.......             (no amulet)
HPRegen  0.10/turn              e - -2 ring of dexterity (curse)
MPRegen  0.10/turn              j - +3 ring of dexterity

@: short of breath, protection aura, very slightly contaminated, very slow
A: large, see invisible, deformed body, poison resistance, slowness 2, slow
metabolism 1, spit poison 1, AC +1
a: Spit Poison


You were on level 2 of the Dungeon.
You were not hungry.

You visited 1 branch of the dungeon, and saw 2 of its levels.

You collected 113 gold pieces.

Inventory:

Hand Weapons
 g - a +1 short sword of protection (weapon)
Armour
 b - a +0 robe (worn)
Jewellery
 e - a cursed -2 ring of dexterity (left hand)
 f - an uncursed ring of resist corrosion
 j - a +3 ring of dexterity (right hand)
Scrolls
 c - a scroll of amnesia
 h - 4 scrolls of identify
 l - a scroll of fog {unknown}
Potions
 i - a potion of agility {unknown}
 k - a potion of curing {unknown}
Comestibles
 a - a chunk of flesh
 d - 4 rations


   Skills:
 + Level 0.9 Fighting
 + Level 1.3 Short Blades
 + Level 0.5 Armour
 + Level 1.7 Dodging
 + Level 4.6 Stealth
 + Level 2.3 Spellcasting
 + Level 3.2 Hexes
 + Level 0.3 Ice Magic


You had one spell level left.
You knew the following spells:

 Your Spells              Type           Power        Failure   Level  Hunger
a - Ensorcelled Hibernat  Hex/Ice        #.....       16%         2    ###....
c - Confuse               Hex            ##......     17%         3    ###....

Your spell library contained the following spells:

 Spells                   Type           Power        Failure   Level  Hunger
 Corona                   Hex            ##.....      6%          1    #......
 Tukima's Dance           Hex            ##......     17%         3    ###....
 Dazzling Spray           Conj/Hex       #.....       32%         3    ###....


Dungeon Overview and Level Annotations

Branches:
Dungeon (2/15)

Altars:
Cheibriados
Dithmenos

Annotations:
D:2 Sigmund


Innate Abilities, Weirdness & Mutations

You cannot wear boots.
Your serpentine skin is tough. (AC +1)
You have supernaturally acute eyesight. (SInv)
Armour fits poorly on your strangely shaped body.
Your system is resistant to poisons. (rPois)
You cover ground very slowly.
You have a slow metabolism.
You can spit poison.


Message History

Sigmund hits you with a +0 scythe!
Press: ? - help, Shift-Dir - straight line, f/p - Sigmund
Aim: Sigmund, wielding a +0 scythe and wearing a +0 robe (heavily wounded)
The splash of poison hits Sigmund.
Sigmund is poisoned.
Sigmund is severely wounded.
You feel slightly more hungry.
Sigmund drinks a potion.
Sigmund is healed!
You closely miss Sigmund.
Sigmund gestures wildly while chanting.
Sigmund flickers and vanishes for a moment.
You hit Sigmund but do no damage.
Your weapon exudes an aura of protection.
Sigmund hits you with a +0 scythe!
* * * LOW HITPOINT WARNING * * *
You hit Sigmund but do no damage.
Sigmund is lightly wounded.
You barely miss Sigmund.
Sigmund is lightly wounded.
Sigmund casts a spell at you. The puff of flame hits you.
You die...

#.# ##.#######
..####........#
#.........###.#
#.####....# #.#
###
#.....###.###.##
#####
##...........#.#
#....
#..#####.###.###
#.### #..#
#.#@@...# #.#
#..# #.#.#.#.#
#.### #...
..#.#...# #....
#.. ###.#...#
#.### #.##..#
#.### #. ..#
#.... #. ..#
#####.... .. ...
..........
#####.....


You could see Sigmund (invisible).

Vanquished Creatures
  2 dart slugs
  A ball python (D:1)
  3 bats
  2 giant cockroaches
  7 goblins
  6 hobgoblins
  A frilled lizard (D:1)
  2 kobolds
  A rat (D:2)
25 creatures vanquished.

Notes
Turn   | Place    | Note
-------+----------+-------------------------------------------
     0 | D:1      | Arixos the Naga Enchanter began the quest for the Orb.
     0 | D:1      | Reached XP level 1. HP: 15/15 MP: 3/3
   170 | D:1      | Reached XP level 2. HP: 22/22 MP: 5/5
   174 | D:1      | Learned a level 2 spell: Ensorcelled Hibernation
   767 | D:2      | Reached XP level 3. HP: 30/30 MP: 6/6
   772 | D:2      | Learned a level 3 spell: Confuse
   911 | D:2      | Found a snail-covered altar of Cheibriados.
  1120 | D:2      | Found a shadowy altar of Dithmenos.
  1206 | D:2      | Noticed Sigmund
  1225 | D:2      | Killed from afar by Sigmund

Levels and vault maps discovered:
D:1:      roderic_dead_forest, layout_loops_cross
D:2:      layout_loops_corners, nicolae_dithmenos_shadow_blocks,
          cheibriados_altar_1, minmay_goblin_outpost, uniq_sigmund

Table legend:
 A = Non-vault XP
 B = Vault XP
 C = Vault XP percentage of total XP
 D = Non-vault monster count
 E = Vault monster count
 F = Vault count percentage of total count
                 A         B        C        D         E       F
            +---------+---------+-------+---------+---------+-------
      Total |      41 |       9 |  18.0 |      20 |       5 |  20.0
            +---------+---------+-------+---------+---------+-------
        D:1 |      28 |       4 |  12.5 |      14 |       2 |  12.5
        D:2 |      13 |       5 |  27.8 |       6 |       3 |  33.3
            +---------+---------+-------+---------+---------+-------
